 Dungeon Crawl Stone Soup version 0.26-a0-683-g5206c1d7ac (webtiles) character file.

Game seed: 1421951441984895055

404704 timneilson the Peltast (level 23, -35/144 HPs)
             Began as a Gargoyle Fighter on Oct 22, 2020.
             Was the Champion of Okawaru.
             Killed by Lee's Rapid Deconstruction
             ... invoked by a deep troll earth mage
              (38 damage)
             ... on level 5 of the Depths.
             The game lasted 02:10:33 (47378 turns).

timneilson the Peltast (Gargoyle Fighter)          Turns: 47378, Time: 02:10:34

Health: -35/144    AC: 58    Str: 31    XL:     23   Next: 38%
Magic:  33/34      EV: 13    Int: 14    God:    Okawaru [******]
Gold:   6979       SH: 34    Dex:  9    Spells: 22/22 levels left

rFire    + . .     SeeInvis .   O - +10 double sword "Rufiotsitz" {pain, MR+}
rCold    + . .     Faith    .   h - +2 tower shield
rNeg     + . .     Spirit   .   l - +0 gold dragon scales
rPois    ∞         Reflect  +   Y - +2 helmet
rElec    +         Harm     +   T - +2 cloak {Stlth+}
rCorr    +         Rampage  .   f - +2 pair of gloves {Str+3}
MR       ++...                  I - +1 pair of boots of Novakhlyolu {Harm Int+3 Slay+3}
Stlth    ..........             F - amulet of reflection
HPRegen  0.34/turn              m - ring of resist corrosion
MPRegen  0.24/turn              X - +4 ring of slaying

@: heroism, finesse, studying Dodging
A: big wings, negative energy resistance 1, electricity resistance, unbreathing,
petrification resistance, rot immunity, AC +17
}: 2/15 runes: decaying, serpentine
a: Fly, Heroism, Finesse, Renounce Religion


You were on level 5 of the Depths.
You worshipped Okawaru.
Okawaru was exalted by your worship.
You visited 6 branches of the dungeon, and saw 36 of its levels.
You also visited: Trove, Ice Cave and Wizlab.

You collected 7720 gold pieces.
You spent 741 gold pieces at shops.

Inventory:

Hand Weapons
 u - a +4 demon blade of freezing
 z - the +7 long sword "Itul" {flame, rC+ Dex+2}
   (You found it in a treasure trove)

   It has been specially enchanted to burn those struck by it, causing extra
   injury to most foes and up to half again as much damage against particularly
   susceptible opponents.
   Big, fiery blades are also staple armaments of hydra-hunters.
   It affects your dexterity (+2).
   It protects you from cold.
 E - a +4 scimitar of flaming
 H - the +3 scimitar of Conflict {vorpal, rPois rF+ rN+++ Int-5}
   (Okawaru gifted it to you on level 15 of the Dungeon)

   It inflicts extra damage upon your enemies.
   It affects your intelligence (-5).
   It protects you from fire.
   It protects you from poison.
   It renders you almost immune to negative energy.
 O - the +10 double sword "Rufiotsitz" (weapon) {pain, MR+}
   (You found it in a wizard's laboratory)

   In the hands of one skilled in necromantic magic, it inflicts extra damage on
   living creatures.
   It affects your resistance to hostile enchantments.
Armour
 f - a +2 pair of gloves of strength (worn)
 h - a +2 tower shield (worn)
 l - +0 gold dragon scales (worn)
 I - the +1 pair of boots of Novakhlyolu (worn) {Harm Int+3 Slay+3}
   (Okawaru gifted it to you on level 1 of the Lair of Beasts)

   It affects your intelligence (+3).
   It affects your accuracy and damage with ranged weapons and melee attacks
   (+3).
   It increases damage dealt and taken.
 K - the +0 pair of gloves of a sewer {MR- rCorr Dex+10 Slay+3}
   (You found it on level 3 of the Depths)

   It affects your dexterity (+10).
   It affects your accuracy and damage with ranged weapons and melee attacks
   (+3).
   It affects your resistance to hostile enchantments.
   It provides partial protection from all sources of acid and corrosion.
 M - the +2 pair of gloves of the Vestibule of Hell {*Contam Str+3 Dex+9}
   (You found it on level 3 of the Depths)

   It affects your strength (+3).
   It affects your dexterity (+9).
   It causes magical contamination when unequipped.
 T - a +2 cloak of stealth (worn)
 Y - a +2 helmet (worn)
Jewellery
 g - the amulet of Tawn {Faith Fragile Str+10 Int-4 Stlth+}
   (You found it in a treasure trove)

   [amulet of faith]

   It allows you to gain divine favour quickly.
   It affects your strength (+10).
   It affects your intelligence (-4).
   It will be destroyed if unequipped.
   It makes you more stealthy.
 m - a ring of resist corrosion (left hand)
 q - an uncursed amulet of regeneration
 B - an uncursed ring of positive energy
 C - an uncursed ring of protection from fire
 F - an amulet of reflection (around neck)
 S - an uncursed ring of see invisible
 V - an uncursed ring of protection from cold
 X - a +4 ring of slaying (right hand)
 Z - a +6 ring of strength
Wands
 v - a wand of acid (20)
 w - a wand of iceblast (48)
 y - a wand of digging (14)
Scrolls
 a - a scroll of holy word
 b - 6 scrolls of enchant weapon
 c - a scroll of fog
 j - 5 scrolls of magic mapping
 k - 24 scrolls of remove curse
 o - 5 scrolls of fear
 p - 2 scrolls of enchant armour
 s - 5 scrolls of blinking
 t - 18 scrolls of teleportation
 J - a scroll of summoning
 N - 16 scrolls of identify
Potions
 d - 4 potions of haste
 e - 4 potions of might
 i - 5 potions of cancellation
 x - 4 potions of ambrosia
 A - 3 potions of berserk rage
 D - 11 potions of curing
 G - 8 potions of mutation
 L - 2 potions of stabbing
 R - 3 potions of brilliance
Books
 r - a manual of Dodging
Miscellaneous
 P - a condenser vane (2/2)
 Q - a lightning rod (4/4)
 U - a phantom mirror


   Skills:
 + Level 15.2(20.2) Fighting
 * Level 17.4(22.4) Long Blades
 * Level 20.1(25.1) Armour
 + Level 7.6(12.6) Dodging
 * Level 20.2(25.2) Shields
 + Level 14.8 Invocations
 + Level 12.8 Evocations


You had 22 spell levels left.
You didn't know any spells.
Your spell library contained the following spells:

 Spells                   Type           Power        Failure   Level
 Animate Skeleton         Necr           #.....       86%         1
 Apportation              Tloc           #.....       86%         1
 Beastly Appendage        Tmut           #.....       86%         1
 Corona                   Hex            #......      86%         1
 Freeze                   Ice            #...         86%         1
 Magic Dart               Conj           #...         86%         1
 Sandblast                Erth           #.....       86%         1
 Sting                    Tmut/Pois      #...         86%         1
 Summon Small Mammal      Summ           #...         86%         1
 Blink                    Tloc           N/A          95%         2
 Call Imp                 Summ           #.......     95%         2
 Ensorcelled Hibernation  Hex/Ice        #.....       95%         2
 Passwall                 Tmut/Erth      #.......     95%         2
 Searing Ray              Conj           #.....       95%         2
 Slow                     Hex            #.......     95%         2
 Swiftness                Air            #.......     95%         2
 Wereblood                Tmut           #.......     95%         2
 Confusing Touch          Hex            #.......     99%         3
 Conjure Flame            Conj/Fire      #.......     99%         3
 Dazzling Flash           Conj/Hex       #.....       99%         3
 Gell's Gravitas          Tloc           #.........   99%         3
 Inner Flame              Hex/Fire       #.......     99%         3
 Mephitic Cloud           Conj/Pois/Air  #.......     99%         3
 Portal Projectile        Hex/Tloc       #.....       99%         3
 Static Discharge         Conj/Air       #.......     99%         3
 Stone Arrow              Conj/Erth      #.....       99%         3
 Cause Fear               Hex            #.........   100%        4
 Fulminant Prism          Conj/Hex       #.........   100%        4
 Iskenderun's Mystic Bla  Conj/Tloc      #.......     100%        4
 Leda's Liquefaction      Hex/Erth       #.........   100%        4
 Passage of Golubria      Tloc           N/A          100%        4
 Petrify                  Tmut/Erth      #.......     100%        4
 Blade Hands              Tmut           #.........   100%        5
 Lee's Rapid Deconstruct  Erth           #.........   100%        5
 Lightning Bolt           Conj/Air       #.........   100%        5
 Metabolic Englaciation   Hex/Ice        #.........   100%        5
 Silence                  Hex/Air        #.........   100%        5
 Summon Demon             Summ           #.........   100%        5
 Summon Forest            Summ/Tloc      #.........   100%        5
 Summon Mana Viper        Hex/Summ       #.......     100%        5
 Yara's Violent Unravell  Hex/Tmut       #.........   100%        5
 Dispersal                Tloc           #.........   100%        6
 Hydra Form               Tmut           #.........   100%        6
 Invisibility             Hex            #.......     100%        6
 Shadow Creatures         Summ           N/A          100%        6
 Haunt                    Necr/Summ      #.........   100%        7
 Summon Hydra             Summ           #.........   100%        7
 Borgnjor's Revivificati  Necr           #.........   100%        8
 Discord                  Hex            #.........   100%        8
 Disjunction              Tloc           #.........   100%        8
 Ignition                 Fire           #.........   100%        8
 Infestation              Necr           #.........   100%        8
 Necromutation            Tmut/Necr      #.........   100%        8
 Death's Door             Necr           #.........   100%        9
 Shatter                  Erth           #.........   100%        9
 Tornado                  Air            #.........   100%        9


Dungeon Overview and Level Annotations

Branches:
Dungeon (15/15)            Temple (0/1) D:5            Lair (6/6) D:10
  Swamp (4/4) Lair:3        Snake (4/4) Lair:2        Slime (0/5) Lair:5
    Orc (2/2) D:11            Elf (0/3) Orc:2        Vaults (0/5) D:13
 Depths (5/5) D:15          IceCv (visited)          WizLab (visited)
    Zot: Depths:5

Altars:
Ashenzari
Elyvilon
Fedhas
Gozag
Hepliaklqana
Kikubaaqudgha
Makhleb
Nemelex Xobeh
Okawaru
Sif Muna
Trog
Vehumet
Xom
Beogh

Shops:
D:8 }   D:9 :   D:11 *   Orc:1 (!?   Orc:2 }?[[(

Portals:
Hell: Depths:1 Depths:2 Depths:3 Depths:4
Abyss: Depths:1 Depths:2 Depths:3 Depths:4
Pandemonium: Depths:1 Depths:2 Depths:3 Depths:4
Ziggurat: Depths:3


Innate Abilities, Weirdness & Mutations

You are resistant to torment.
Your stone body is resilient. (AC +17)
You are immune to poison.
Your large and strong wings let you fly indefinitely.
You resist negative energy. (rN+)
You are resistant to electric shocks. (rElec)
You can survive without breathing.
You are immune to petrification.
You are immune to rotting.


Message History

The spriggan berserker is no longer berserk.
A deep troll earth mage comes into view.
You miss the spriggan berserker.
The spriggan berserker is heavily wounded.
You hit the spriggan berserker.
The spriggan berserker is heavily wounded.
You block the spriggan berserker's attack.
You slice the spriggan berserker!!
You kill the spriggan berserker!
Okawaru accepts your kill.
Items here: )) [[ †.
You see here a large rock.
There is an open door here.
The deep troll earth mage points at you and mumbles some strange words.
You shatter!
* * * LOW HITPOINT WARNING * * *
There is a stone staircase leading up here.
The deep troll earth mage gestures at you while chanting.
You shatter!!
You die...

...# ..... .......####
....#..#..#
....#.....######
#....≈≈.......##
##......≈§....@.#
.............^.##
#####........≈...#
....####.T....≈..###
.(.))[('...........#
....####.§.........#
#####...§≈....§....# ##
...§.§§§......≈...###.##
...§≈§§§...........#...#


You could see a deep troll earth mage.

Vanquished Creatures
  4 ancient liches
  Boris (Depths:5)
  4 caustic shrikes
  3 golden dragons
  Nikola (Depths:1)
  4 liches
  A tentacled monstrosity (Depths:4)
  Jorgrun (Orc:1)
  Asterion (Depths:1)
  Rupert (D:12)
  2 titans (Depths:4)
  2 thorn hunters (Swamp:4)
  Kirke (D:13)
  An ancient champion (WizLab)
  Agnes (Snake:1)
  A storm dragon (Depths:4)
  8 nagarajas (Snake:4)
  10 tengu reavers
  2 shadow dragons
  Donald (Swamp:1)
  5 fire giants
  7 frost giants
  Aizul (Lair:2)
  A draconian knight (Depths:5)
  A curse skull (Depths:3)
  A deep elf elementalist (Depths:3)
  A spriggan defender (Depths:3)
  8 vampire knights
  23 stone giants
  9 very ugly things
  2 juggernaut skeletons (Depths:3)
  A draconian annihilator (Depths:3)
  2 deep elf demonologists (Depths:3)
  2 deep elf annihilators (Depths:3)
  Nessos (D:13)
  A white draconian (Depths:5)
  2 yellow draconians (Depths:5)
  2 spark wasps
  An ettin (shapeshifter) (Depths:4)
  A green death (Depths:3)
  7 ettins
  2 blizzard demons (IceCv)
  5 fire dragons
  Josephine (D:13)
  A great orb of eyes (shapeshifter) (Depths:4)
  3 yaktaur captains
  4 rakshasas (Depths:2)
  7 great orbs of eyes
  A boulder beetle (D:10)
  27 hydras
  Harold (Lair:2)
  11 naga warriors
  9 centaur warriors
  12 ice dragons
  2 spriggan air magi
  5 shambling mangroves
  Erica (D:9)
  9 anacondas
  16 two-headed ogres
  2 ghost crabs (Swamp:1)
  A two-headed ogre (shapeshifter) (Depths:4)
  13 deep troll shamans
  9 tengu warriors
  6 alligators
  8 death yaks
  9 ogre magi
  5 deep troll earth magi
  7 spriggan berserkers
  10 orc high priests (Orc:2)
  Urug (D:13)
  9 shock serpents
  2 vampire magi (Depths:2)
  Sonja (Lair:1)
  4 spriggans
  15 naga sharpshooters
  2 hell knights (Depths:2)
  8 soul eaters (Depths:3)
  4 skeletal warriors (WizLab)
  2 sixfirhies
  A deep troll (shapeshifter) (Depths:4)
  2 unseen horrors
  3 salamander mystics
  5 flayed ghosts
  3 iron trolls
  A shadow demon (Depths:4)
  13 swamp dragons
  2 spriggan druids
  An infernal demonspawn (Depths:3)
  8 sea snakes (Snake:4)
  2 glowing orange brains
  2 spark wasp zombies (Depths:3)
  15 deep trolls
  An unseen horror (shapeshifter) (Depths:4)
  An obsidian statue (Depths:4)
  8 naga ritualists
  A shadow dragon zombie (Depths:3)
  5 wizards
  2 phantasmal warriors (Depths:4)
  2 orc knights
  An orc sorcerer (Orc:2)
  4 deep elf magi
  8 necromancers
  An iron dragon zombie (Depths:1)
  An orb spider (shapeshifter) (Depths:3)
  5 cyclopes
  14 mana vipers
  A salamander (shapeshifter) (Depths:2)
  16 salamanders
  2 oklob plants (Lair:3)
  23 ugly things
  A rust devil (Depths:4)
  2 spriggan zombies (Depths:2)
  3 centaur zombies
  7 guardian serpents
  Maurice (D:8)
  10 elephants
  A black mamba (shapeshifter) (Depths:4)
  A stone giant skeleton (Depths:1)
  A water nymph (shapeshifter) (Depths:2)
  A guardian serpent (shapeshifter) (Depths:3)
  16 naga magi
  An ice statue (IceCv)
  42 black mambas
  A smoke demon (Depths:3)
  A torpor snail (Lair:6)
  19 cane toads
  A gargoyle (D:14)
  A cane toad (shapeshifter) (Depths:4)
  A yaktaur zombie (Depths:1)
  4 rime drakes (Lair:6)
  5 spectral swamp worms (Depths:3)
  15 komodo dragons
  2 efreet
  3 tengu conjurers
  3 kobold demonologists
  7 anaconda simulacra (IceCv)
  5 freezing wraiths
  6 ice devils (IceCv)
  A hellwing (Depths:4)
  A troll (shapeshifter) (Depths:4)
  A red devil (Depths:3)
  A polar bear (shapeshifter) (Depths:4)
  16 yaktaurs
  A golden dragon simulacrum (IceCv)
  2 trolls
  A silent spectre (Depths:3)
  4 tyrant leeches
  A wolf spider simulacrum (IceCv)
  8 hornets
  5 raiju (Lair:6)
  11 bog bodies
  9 polar bears (Lair:6)
  A raiju (shapeshifter) (Depths:3)
  A blink frog (shapeshifter) (Depths:4)
  26 slime creatures
  17 blink frogs
  A frost giant simulacrum (Depths:2)
  An elf zombie (Depths:2)
  A fire elemental (D:13)
  3 water elementals (Depths:4)
  2 hogs (shapeshifter)
  4 fire bats (Depths:3)
  2 wyverns
  5 wraiths (D:13)
  3 vampires
  2 dire elephant simulacra (IceCv)
  58 yaks
  17 humans
  Grum (D:8)
  2 basilisks (shapeshifter) (Depths:4)
  A hog (D:13)
  2 humans (shapeshifter)
  A chaos spawn (Depths:4)
  2 steam dragons
  19 vampire mosquitoes
  4 basilisks
  2 death yak simulacra (IceCv)
  A harpy simulacrum (IceCv)
  10 wargs
  An iron troll simulacrum (IceCv)
  2 soldier ants
  3 hydra simulacra (IceCv)
  8 insubstantial wisps
  72 nagas
  16 swamp worms
  2 acid dragons (Lair:6)
  A floating eye (Depths:2)
  12 swamp drakes
  11 water moccasins
  16 hell hounds
  3 sky beasts
  A phantom (D:5)
  A hornet zombie (D:13)
  9 ice beasts
  16 black bears
  A necrophage (D:12)
  22 orc warriors
  13 ogres
  20 wolves
  18 centaurs
  23 boggarts
  3 big kobolds
  16 bullfrogs
  A wyvern zombie (D:9)
  5 scorpions
  A tengu zombie (Depths:1)
  8 troll zombies (WizLab)
  6 killer bees
  13 wights
  4 howler monkeys
  An electric eel (Lair:1)
  7 crimson imps
  2 quasits
  2 draconian simulacra (IceCv)
  10 hounds
  3 iron imps (Depths:3)
  2 jellies
  A gnoll shaman (D:5)
  35 orc priests
  19 orc wizards
  2 bullfrog skeletons
  A centaur skeleton (D:9)
  6 iguanas
  A shapeshifter simulacrum (Depths:1)
  2 spriggan simulacra (IceCv)
  2 polar bear simulacra (IceCv)
  17 worker ants
  A wolf simulacrum (IceCv)
  6 ogre zombies (WizLab)
  2 hound zombies
  2 worker ant zombies
  4 gnolls (D:5)
  14 adders
  An ogre simulacrum (IceCv)
  5 naga simulacra (IceCv)
  3 shadow imps
  10 white imps
  7 ufetubi
  An adder zombie (D:10)
  2 oozes
  4 worms
  4 adder skeletons
  2 dart slugs
  7 leopard geckos
  120 orcs
  5 giant cockroaches
  12 goblins
  5 hobgoblins
  4 jackals (D:2)
  6 quokkas
  9 bats
  7 frilled lizards
  2 jackal skeletons
  20 kobolds
  3 leopard gecko skeletons
  A quokka zombie (D:5)
  6 rats
  2 briar patches (Swamp:4)
1648 creatures vanquished.

Vanquished Creatures (others)
  Azrael (D:13)
  A hydra (D:13)
  A naga warrior (Snake:4)
  A naga ritualist (Snake:4)
  A hornet (Depths:4)
  A shadow (D:12)
  An insubstantial wisp (Swamp:3)
  2 boggarts
  A hound (D:13)
  An orc wizard (D:9)
  2 white imps (D:10)
  An ufetubus (IceCv)
  10 fungi
  31 plants
55 creatures vanquished.

Grand Total: 1703 creatures vanquished

Notes
Turn   | Place    | Note
-------+----------+-------------------------------------------
     0 | D:1      | timneilson the Gargoyle Fighter began the quest for the
                  | Orb.
     0 | D:1      | Reached XP level 1. HP: 14/14 MP: 1/1
   304 | D:1      | Reached XP level 2. HP: 19/19 MP: 2/2
   928 | D:2      | Found a shimmering altar of Xom.
   962 | D:2      | Reached XP level 3. HP: 23/23 MP: 3/3
  1380 | D:2      | Reached XP level 4. HP: 26/28 MP: 4/4
  1469 | D:2      | Found an iron altar of Okawaru.
  1477 | D:2      | Became a worshipper of Warmaster Okawaru
  1644 | D:2      | Found a blossoming altar of Fedhas.
  1644 | D:2      | Found an iron altar of Okawaru.
  1644 | D:2      | Found a white marble altar of Elyvilon.
  2221 | D:3      | Reached XP level 5. HP: 33/33 MP: 5/5
  2229 | D:3      | Found a radiant altar of Vehumet.
  3074 | D:4      | Reached skill level 1 in Invocations
  3424 | D:4      | Reached XP level 6. HP: 38/38 MP: 6/6
  3848 | D:5      | Entered Level 5 of the Dungeon
  3946 | D:5      | Found a bloodstained altar of Trog.
  3988 | D:5      | Reached skill level 1 in Evocations
  4068 | D:5      | Noticed a phantom
  4101 | D:5      | Killed a phantom
  4101 | D:5      | Reached * piety under Okawaru
  4101 | D:5      | Reached skill level 5 in Armour
  4101 | D:5      | Reached skill level 5 in Shields
  4101 | D:5      | Reached XP level 7. HP: 38/43 MP: 8/8
  4569 | D:5      | Found a staircase to the Ecumenical Temple.
  4585 | D:5      | Found a hazy altar of Hepliaklqana.
  5170 | D:6      | Found a sparkling altar of Nemelex Xobeh.
  5175 | D:6      | Reached XP level 8. HP: 38/48 MP: 9/9
  5260 | D:6      | Reached ** piety under Okawaru
  5310 | D:6      | You fall into a shaft and drop 1 floor!
  5416 | D:7      | Found a bloodstained altar of Trog.
  5445 | D:6      | Found a broken altar of Ashenzari.
  5834 | D:7      | Reached skill level 5 in Fighting
  6324 | D:7      | Reached skill level 5 in Long Blades
  6635 | D:7      | Reached XP level 9. HP: 52/54 MP: 11/11
  6720 | D:8      | Noticed Grum
  6724 | D:8      | Reached *** piety under Okawaru
  6738 | D:8      | Killed Grum
  7216 | D:8      | Found a broken altar of Ashenzari.
  7221 | D:8      | Noticed Maurice
  7235 | D:8      | Killed Maurice
  7402 | D:8      | Found Soics's Gadget Shop.
  7983 | D:9      | Reached XP level 10. HP: 60/60 MP: 13/13
  8013 | D:9      | Reached **** piety under Okawaru
  8273 | D:9      | Noticed Erica
  8290 | D:9      | Killed Erica
  8792 | D:10     | Entered Level 10 of the Dungeon
  8795 | D:10     | Reached skill level 5 in Invocations
  8820 | D:10     | Found a portal to a secret trove of treasure.
  8883 | D:9      | Found Mueczig's Book Shop.
  9337 | D:10     | Killed an unseen horror
  9337 | D:10     | Reached ***** piety under Okawaru
  9468 | D:10     | Noticed a two-headed ogre
  9474 | D:10     | Killed a two-headed ogre
  9474 | D:10     | Reached XP level 11. HP: 66/66 MP: 12/15
  9686 | D:10     | Found a staircase to the Lair.
  9760 | D:10     | Noticed a boulder beetle
  9790 | D:10     | Killed a boulder beetle
  9790 | D:10     | Received a gift from Okawaru
 10282 | D:11     | Found an ancient bone altar of Kikubaaqudgha.
 10297 | D:11     | Found Catag's Blasphemy Boutique.
 10371 | D:11     | Found a roughly hewn altar of Beogh.
 10382 | D:11     | Found a staircase to the Orcish Mines.
 10387 | D:11     | Noticed an orc knight
 10724 | D:11     | Killed an orc knight
 10724 | D:11     | Reached skill level 5 in Evocations
 11225 | D:12     | Noticed Rupert
 11243 | D:12     | Killed Rupert
 11243 | D:12     | Reached skill level 10 in Armour
 11243 | D:12     | Reached skill level 10 in Shields
 11450 | D:12     | Noticed a wizard
 11468 | D:12     | Killed a wizard
 11468 | D:12     | Reached XP level 12. HP: 73/73 MP: 14/16
 11589 | D:12     | Got a masterwork chain mail
 11590 | D:12     | Identified the +2 chain mail of Midsummer {rPois rN+ Str+2
                  | Int+3} (You found it on level 12 of the Dungeon)
 11752 | D:12     | Received a gift from Okawaru
 11935 | D:12     | Noticed a two-headed ogre
 11940 | D:12     | Killed a two-headed ogre
 12574 | D:13     | Noticed a centaur warrior
 12583 | D:13     | Killed a centaur warrior
 12641 | D:13     | Noticed a tengu warrior
 12659 | D:13     | Killed a tengu warrior
 12799 | Lair:1   | Entered Level 1 of the Lair of Beasts
 12983 | Lair:1   | Reached XP level 13. HP: 65/79 MP: 18/18
 13171 | Lair:1   | Received a gift from Okawaru
 13254 | Lair:1   | Noticed Sonja
 13271 | Lair:1   | Killed Sonja
 13518 | Lair:1   | Received a gift from Okawaru
 13527 | Lair:1   | Got a pair of pitted boots {god gift}
 13528 | Lair:1   | Identified the +1 pair of boots of Novakhlyolu {Harm Int+3
                  | Slay+3} (Okawaru gifted it to you on level 1 of the Lair of
                  | Beasts)
 13786 | Lair:1   | Reached skill level 10 in Long Blades
 14236 | Lair:2   | Noticed Harold
 14246 | Lair:2   | Killed Harold
 14431 | Lair:2   | You fall into a shaft and drop 2 floors!
 14498 | Lair:4   | Reached ****** piety under Okawaru
 14779 | Lair:2   | Found a staircase to the Snake Pit.
 15424 | Lair:3   | Received a gift from Okawaru
 15424 | Lair:3   | Gained mutation: Your large and strong wings let you fly
                  | indefinitely. [Gargoyle growth]
 15424 | Lair:3   | Reached XP level 14. HP: 86/86 MP: 20/20
 15506 | Lair:3   | Found a staircase to the Swamp.
 16378 | Lair:3   | Got a warped chain mail
 16379 | Lair:3   | Identified the +7 chain mail of Elyvilon's Reproof {rN+
                  | Str+4} (You found it on level 3 of the Lair of Beasts)
 17551 | Lair:5   | Received a gift from Okawaru
 17946 | Lair:5   | Reached skill level 10 in Fighting
 18188 | Lair:5   | Found a staircase to the Slime Pits.
 18482 | Lair:6   | Entered Level 6 of the Lair of Beasts
 18493 | Lair:6   | Received a gift from Okawaru
 19205 | Lair:6   | Received a gift from Okawaru
 19304 | Lair:6   | Reached XP level 15. HP: 85/92 MP: 22/22
 20077 | Orc:1    | Entered Level 1 of the Orcish Mines
 20077 | Orc:1    | Found Wukhlat's Magic Scroll Emporium.
 20078 | Orc:1    | Noticed Jorgrun
 20095 | Orc:1    | Killed Jorgrun
 20360 | Orc:1    | Bought a scroll of identify for 22 gold pieces
 20407 | Orc:1    | Found Cyskig's Antique Weapon Shoppe.
 20479 | Orc:1    | Found Bympog's Distillery.
 20609 | Orc:2    | Entered Level 2 of the Orcish Mines
 20656 | Orc:2    | Found a burning altar of Makhleb.
 20994 | Orc:2    | Found a roughly hewn altar of Beogh.
 21040 | Orc:2    | Found Exkitour's Armour Emporium.
 21089 | Orc:2    | Found a staircase to the Elven Halls.
 21409 | Orc:2    | Found Jetokhlu's Magic Scroll Boutique.
 21425 | Orc:2    | Found Aciet's Gadget Shoppe.
 21439 | Orc:2    | Received a gift from Okawaru
 21482 | Orc:2    | Bought a condenser vane (2/2) for 240 gold pieces
 21734 | Orc:2    | Bought a scroll of magic mapping for 45 gold pieces
 21734 | Orc:2    | Bought a scroll of identify for 26 gold pieces
 21734 | Orc:2    | Bought a scroll of identify for 26 gold pieces
 21734 | Orc:2    | Bought a scroll of identify for 26 gold pieces
 21734 | Orc:2    | Bought a scroll of identify for 26 gold pieces
 21734 | Orc:2    | Bought a scroll of blinking for 97 gold pieces
 21734 | Orc:2    | Bought a scroll of remove curse for 39 gold pieces
 21734 | Orc:2    | Bought a scroll of silence for 97 gold pieces
 21734 | Orc:2    | Bought a scroll of silence for 97 gold pieces
 21761 | Orc:2    | Found Zakay's Armour Shoppe.
 22025 | Orc:2    | Found Ziezxiwk's Weapon Boutique.
 22058 | Orc:2    | Reached skill level 10 in Invocations
 22410 | D:13     | Found a gate to the Vaults.
 22755 | D:13     | Noticed Azrael
 22767 | D:13     | Noticed Nessos
 22781 | D:13     | Killed Azrael
 22783 | D:13     | Killed Nessos
 22818 | D:13     | Noticed Urug
 22820 | D:13     | Noticed Josephine
 22831 | D:13     | Killed Josephine
 22832 | D:13     | Killed Urug
 23067 | D:13     | Found a shimmering altar of Xom.
 23068 | D:13     | Noticed Kirke
 23079 | D:13     | Killed Kirke
 23079 | D:13     | Reached XP level 16. HP: 100/100 MP: 15/23
 24018 | D:14     | Found a roughly hewn altar of Beogh.
 24225 | D:14     | Received a gift from Okawaru
 24454 | D:15     | Entered Level 15 of the Dungeon
 25222 | D:15     | Found a staircase to the Depths.
 25764 | D:15     | Reached skill level 15 in Shields
 26168 | D:15     | Reached skill level 15 in Armour
 26261 | D:15     | Found a sparkling altar of Nemelex Xobeh.
 26390 | Depths:1 | Entered Level 1 of the Depths
 26416 | D:15     | Received a gift from Okawaru
 26785 | Depths:1 | Noticed a tengu reaver
 26804 | D:15     | Killed a tengu reaver
 26984 | Snake:1  | Entered Level 1 of the Snake Pit
 26984 | Snake:1  | Noticed Aizul
 27004 | Lair:2   | Killed Aizul
 27173 | Snake:1  | Noticed Agnes
 27182 | Snake:1  | Killed Agnes
 27388 | Snake:1  | Reached XP level 17. HP: 106/106 MP: 25/25
 28489 | Snake:2  | Received a gift from Okawaru
 30448 | Snake:4  | Entered Level 4 of the Snake Pit
 30491 | Snake:4  | Received a gift from Okawaru
 30675 | Snake:4  | Found a frozen archway.
 30681 | IceCv    | Entered an ice cave
 31056 | IceCv    | Reached skill level 10 in Evocations
 31249 | IceCv    | Reached XP level 18. HP: 85/112 MP: 26/26
 31261 | IceCv    | Received a gift from Okawaru
 33371 | Snake:4  | Received a gift from Okawaru
 33429 | Snake:4  | Got a serpentine rune of Zot
 33738 | Swamp:1  | Entered Level 1 of the Swamp
 34137 | Swamp:1  | Reached XP level 19. HP: 119/119 MP: 28/28
 34364 | Swamp:1  | Noticed Donald
 34379 | Swamp:1  | Killed Donald
 35109 | Swamp:2  | Received a gift from Okawaru
 36408 | Swamp:4  | Entered Level 4 of the Swamp
 36573 | Swamp:4  | Reached skill level 15 in Long Blades
 36921 | Swamp:4  | Got a decaying rune of Zot
 37815 | D:15     | Received a gift from Okawaru
 37837 | D:15     | Got a smoking scimitar {god gift}
 37842 | D:15     | Identified the +3 scimitar of Conflict {vorpal, rPois rF+
                  | rN+++ Int-5} (Okawaru gifted it to you on level 15 of the
                  | Dungeon)
 38343 | Depths:1 | Found a one-way gate leading to the halls of Pandemonium.
 38364 | Depths:1 | Noticed a lich
 38374 | Depths:1 | Killed a lich
 38758 | Depths:1 | Received a gift from Okawaru
 38853 | Depths:1 | Noticed Nikola
 38873 | Depths:1 | Killed Nikola
 38873 | Depths:1 | Reached XP level 20. HP: 85/125 MP: 23/29
 39057 | Depths:1 | Noticed Asterion
 39077 | Depths:1 | Killed Asterion
 39224 | Depths:1 | Found a one-way gate to the infinite horrors of the Abyss.
 39288 | Depths:1 | Found a gateway to Hell.
 39472 | Depths:1 | Identified the Almanac of Cankerous Transmutation
 39733 | Depths:2 | Received a gift from Okawaru
 39811 | Depths:2 | Noticed a lich
 39822 | Depths:2 | Killed a lich
 39930 | Depths:2 | Noticed a golden dragon
 39947 | Depths:2 | Killed a golden dragon
 40198 | Depths:2 | Identified Buch's Papyrus of Twisted Snow
 40226 | Depths:2 | Found a hazy altar of Hepliaklqana.
 40232 | Depths:2 | Found a shimmering blue altar of Sif Muna.
 40232 | Depths:2 | Found an opulent altar of Gozag.
 40232 | Depths:2 | Found a white marble altar of Elyvilon.
 40244 | Depths:2 | Reached skill level 1 in Dodging
 40441 | Depths:2 | You fall into a shaft and drop 2 floors!
 40485 | Depths:4 | Received a gift from Okawaru
 40556 | Depths:4 | Reached XP level 21. HP: 77/132 MP: 23/31
 40679 | Depths:4 | Found a magical portal.
 40887 | WizLab   | Entered Zonguldrok's Shrine
 41137 | WizLab   | Noticed an antique lich
 41149 | WizLab   | Killed an antique lich
 41149 | WizLab   | Received a gift from Okawaru
 41150 | WizLab   | Found the +4 skin of Zhor {Englaciate rC+++ SInv}
 41177 | WizLab   | Got a warped double sword
 41219 | WizLab   | Identified the +10 double sword "Rufiotsitz" {pain, MR+}
                  | (You found it in a wizard's laboratory)
 41516 | Depths:3 | Found a gateway to a ziggurat.
 41850 | Depths:2 | Found a shimmering altar of Xom.
 42914 | Depths:3 | Reached skill level 5 in Dodging
 43185 | Depths:3 | Reached XP level 22. HP: 138/138 MP: 32/32
 43544 | Depths:3 | Found a runed translucent door.
 43553 | Depths:3 | Noticed an ancient lich
 43585 | Depths:3 | Killed an ancient lich
 43585 | Depths:3 | Received a gift from Okawaru
 44054 | Depths:3 | Found a runed door.
 44204 | Depths:3 | Received a gift from Okawaru
 44400 | Depths:3 | Noticed an ancient lich
 44404 | Depths:3 | Noticed an ancient lich
 44411 | Depths:3 | Killed an ancient lich
 44414 | Depths:3 | Killed an ancient lich
 44429 | Depths:3 | Got a pair of scorched gloves
 44430 | Depths:3 | Identified the +2 pair of gloves of the Vestibule of Hell
                  | {*Contam Str+3 Dex+9} (You found it on level 3 of the
                  | Depths)
 44450 | Depths:3 | Got a pair of faintly glowing gloves
 44451 | Depths:3 | Identified the +0 pair of gloves of a sewer {MR- rCorr
                  | Dex+10 Slay+3} (You found it on level 3 of the Depths)
 45130 | Depths:4 | Noticed a golden dragon
 45150 | Depths:4 | Killed a golden dragon
 45150 | Depths:4 | Received a gift from Okawaru
 45150 | Depths:4 | Reached skill level 15 in Fighting
 45661 | Depths:4 | Noticed a caustic shrike
 45668 | Depths:4 | Killed a caustic shrike
 45984 | Depths:4 | Identified Lygapt's Incunabulum of Creative Dislocation
 45987 | Depths:4 | Got a pair of faintly humming boots
 45993 | Depths:4 | Identified the +0 pair of boots "Dilol" {+Fly rPois SInv}
                  | (You found it on level 4 of the Depths)
 46031 | Depths:4 | Reached XP level 23. HP: 110/144 MP: 26/33
 46468 | D:10     | You paid a toll of +2 gold dragon scales to enter a
                  | treasure trove
 46469 | Trove    | Entered a treasure trove
 46489 | Trove    | Got a steaming amethyst amulet
 46504 | Trove    | Got a smoking long sword
 46506 | Trove    | Identified the +7 long sword "Itul" {flame, rC+ Dex+2} (You
                  | found it in a treasure trove)
 46507 | Trove    | Identified the amulet of Tawn {Faith Fragile Str+10 Int-4
                  | Stlth+} (You found it in a treasure trove)
 46957 | Depths:5 | Entered Level 5 of the Depths
 46982 | Depths:5 | Noticed Boris
 46997 | Depths:5 | Killed Boris
 47033 | Depths:5 | Noticed a caustic shrike
 47034 | Depths:5 | Noticed a caustic shrike
 47037 | Depths:5 | Noticed a caustic shrike
 47044 | Depths:5 | Killed a caustic shrike
 47053 | Depths:5 | Killed a caustic shrike
 47065 | Depths:5 | Killed a caustic shrike
 47206 | Depths:5 | Noticed a golden dragon
 47217 | Depths:5 | Killed a golden dragon
 47357 | Depths:5 | Received a gift from Okawaru
 47375 | Depths:5 | HP: 2/144 [deep troll earth mage/Lee's Rapid Deconstruction
                  | (15)]
 47378 | Depths:5 | Killed from afar by a deep troll earth mage

Illustrated notes

Levels and vault maps discovered:
D:1:      minmay_arrival_cross, layout_loops_ring, serial_park_tiny_1
D:2:      minmay_general_purpose_star, layout_rooms,
          gammafunk_temple_overflow_forgotten, nicolae_overflow_hidden_temple,
          marbit_many_paths, okawaru_ov_weapons_minmay
D:3:      layout_basic, lemuel_doored_altar
D:4:      layout_layer_cave
D:5:      layout_loops_ring, old_standard_altar, minmay_temple_entry_tees,
          basic_altar
D:6:      layout_cave_pools, evilmike_ruin_ashenzari,
          nemelex_xobeh_ov_fountains_minmay, kennysheep_generic_room_15
D:7:      layout_loops_ring, basic_altar
D:8:      layout_loops_ring, serial_shops,
          nicolae_shop_temple_entry_statues_fountains, basic_altar,
          uniq_maurice, uniq_grum
D:9:      layout_basic, serial_shops, shop, uniq_erica
D:10:     layout_loops_cross, grunt_lair_entry_orc_guard_hut, enter_trove_3,
          minmay_nine_imps
D:11:     layout_gridville, david_orc_5, minmay_hedge_maze, nicolae_evil_shop
D:12:     layout_loops_corners, uniq_rupert
D:13:     layout_loops_ring, david_vaults_3, basic_altar,
          nicolae_twisting_strands, lightli_corner_chamber, uniq_nessos,
          uniq_kirke, uniq_azrael, uniq_josephine, uniq_urug
D:14:     layout_basic, kennysheep_big_empty_room, special_room
          [special_room_orc]
D:15:     grunt_enter_depths_hoard, layout_gridville, chequers_decorated_corner,
          minmay_misc_feat_tower, nemelex_diamond_rough_becter
Lair:1:   layout_regular_city, beast_lair_carwin_9, infiniplex_staircase_pool,
          uniq_sonja
Lair:2:   layout_cave_pods, minmay_snake_entry_guardpost_small,
          infiniplex_staircase_pool_2, lemuel_fruit_fields,
          serial_bayou_shore_b, uniq_harold
Lair:3:   layout_roguey, skrybe_swamp_entry_bodies, grunt_megastairs_5,
          lemuel_fruit_tree, minmay_lair_oklob_chamber
Lair:4:   layout_layer_cave
Lair:5:   layout_loops_ring, dpeg_slime_entry_corner, grunt_forest_stairs_basic,
          grunt_megastairs_3
Lair:6:   guppyfry_lair_end_dragon, layout_cave_pods,
          hangedman_lair_caniforms_friends, lemuel_fruit_fields
Swamp:1:  layout_falls_marsh, evilmike_swamp_ruin_house_2, swamp_pool2,
          uniq_donald
Swamp:2:  layout_basic_swamp, nicolae_swamp_round_clearing
Swamp:3:  layout_basic_swamp, nicolae_swamp_very_dense_foliage, swamp_pool1
Swamp:4:  swamp, layout_basic_swamp
Snake:1:  layout_rooms, special_room, uniq_aizul, uniq_agnes
Snake:2:  cheibrodos_snake_lava_hold, layout_layer_cave
Snake:3:  layout_misc_corridors
Snake:4:  grunt_snake_rune_pools, layout_misc_corridors,
          portal_ice_cave_entry_horrid_things, nicolae_snake_squiggles,
          serial_bayou_shore_b
Orc:1:    layout_diamond_mine, serial_shops, shop, shop, shop, uniq_jorgrun
Orc:2:    st_orc_town, layout_caves, serial_shops, nicolae_shop_behind_doors,
          bloody_makhleb
Depths:1: layout_big_octagon, pan_entry, pf_hell_entry_great_geh,
          hangedman_abyss_entry_splay, bh_walls_and_bars,
          fake_guardian_serpent_vault, uniq_nikola, uniq_asterion
Depths:2: minmay_the_grid_octo_tiled_octocenter [minmay_the_grid_octo_horde,
          minmay_the_grid_octo_shrine, minmay_the_grid_octo_clover,
          minmay_the_grid_octo_clover_2, minmay_the_grid_octo_prize_star,
          minmay_the_grid_square_5x5_beaten_path,
          minmay_the_grid_square_5x5_checkered_statues,
          minmay_the_grid_square_5x5_tri_point,
          minmay_the_grid_square_5x5_moneybag], layout_small_grid,
          rand_demon_pan_entry_1, abyss_entry, grunt_metal_band,
          corexii_corridor_pit, xom_teletrap_fun
Depths:3: evilmike_wizard_prison, layout_cave_pools, enter_ziggurat_a,
          grunt_pan_entry_spiral, pf_hell_entry_tar_river,
          minmay_misc_feat_four_crosses, abyss_entry, lightli_gold_pyramid,
          serial_bayou_shore_b, minmay_staircase_windowed_small
Depths:4: vault_1, layout_cave_pools, rand_demon_pan_entry_3, abyss_entry,
          hell_entry, nicolae_benzene_ring, mu_enter_wizlab_3,
          infiniplex_staircase_squiggle, uniq_mara
Depths:5: grunt_zot_entry_gee_three, layout_cave_pools, abyss_entry, hell_entry,
          uniq_boris

Skill      XL: |  1  2  3  4  5  6  7  8  9 10 11 12 13 14 15 16 17 18 19 20 21 22 23 |
---------------+----------------------------------------------------------------------+-----
Long Blades    | 2 3 4 5 6 7 8 9 10 11 12 13 14 15 16 17 | 17.4
Shields        | 4 5 6 8 9 10 11 12 13 14 15 16 17 18 19 20 | 20.2
Armour         | 4 5 6 7 9 10 11 12 13 14 15 16 17 18 19 20 | 20.1
Fighting       | 4 5 6 7 8 9 10 11 12 13 14 15 | 15.2
Invocations    | 1 2 3 4 5 6 7 8 9 10 11 12 13 14 | 14.8
Evocations     | 1 2 3 4 5 6 7 8 9 10 11 12 | 12.8
Dodging        | 2 5 7 |  7.6

Action                   |  1- 3 |  4- 6 |  7- 9 | 10-12 | 13-15 | 16-18 | 19-21 | 22-24 || total
-------------------------+-------+-------+-------+-------+-------+-------+-------+-------++-------
Melee: Long sword        |   142 |   265 |   572 |    84 |       |       |       |       ||  1063
       Scimitar          |       |       |       |   597 |  1144 |  1532 |   906 |     2 ||  4181
       Demon blade       |       |       |       |       |       |    89 |   238 |       ||   327
       Double sword      |       |       |       |       |       |       |   339 |   488 ||   827
Invok: Heroism           |       |       |     8 |    14 |    22 |    27 |    21 |     9 ||   101
       Finesse           |       |       |       |     3 |     4 |     5 |    11 |     7 ||    30
 Abil: Fly               |       |       |       |       |     1 |       |       |     2 ||     3
       Stop Flying       |       |       |       |       |       |       |     1 |     2 ||     3
Evoke: Wand              |       |       |       |       |     4 |     1 |     1 |       ||     6
       Condenser vane    |       |       |       |       |       |     1 |     4 |     1 ||     6
  Use: Scroll            |     2 |    12 |     7 |     8 |     8 |     9 |     9 |    10 ||    65
       Potion            |       |       |     4 |     2 |     4 |     6 |     1 |     2 ||    19
 Stab: Confused          |       |       |       |       |     1 |       |       |       ||     1
Armor: Scale mail        |    92 |   136 |   143 |       |       |       |       |       ||   371
       Chain mail        |       |       |   228 |   123 |   353 |   645 |   393 |       ||  1742
       Plate armour      |       |       |       |   110 |   143 |       |       |       ||   253
       Gold dragon scale |       |       |       |       |       |       |   185 |   115 ||   300
Dodge: Dodged            |    47 |    78 |   169 |   143 |   258 |   306 |   236 |    41 ||  1278
Block: Kite shield       |    77 |   132 |   371 |   345 |  1024 |  1128 |       |       ||  3077
       Reflection        |       |       |       |       |    23 |   173 |    63 |    23 ||   282
       Tower shield      |       |       |       |       |       |   697 |  1785 |   450 ||  2932
       Other             |       |       |       |       |       |     1 |       |       ||     1
       Rpst.: Long sword |    16 |    31 |    49 |     5 |       |       |       |       ||   101
       Scimitar          |       |       |       |    31 |    60 |    45 |    25 |       ||   161
       Demon blade       |       |       |       |       |       |     4 |     1 |       ||     5
       Double sword      |       |       |       |       |       |       |     2 |     5 ||     7

Table legend: (Time is in decaauts)
 A = Elapsed time spent in this place.
 B = Non-inter-level travel time spent in this place.
 C = Inter-level travel time spent in this place.
 D = Time resting spent in this place.
 E = Time spent auto-exploring this place.
 F = Levels seen in this place.
 G = Mean time per level.
                   A        B        C        D        E       F      G
               +--------+--------+--------+--------+--------+-----+--------+
         Total |  46058 |  43739 |   2319 |   3046 |  29560 |  39 | 1181.0 |
       Dungeon |  18705 |  17550 |   1155 |   2046 |  11359 |  15 | 1247.0 |
          Lair |   7388 |   6941 |    447 |    153 |   5480 |   6 | 1231.3 |
         Swamp |   3712 |   3573 |    139 |    293 |   2535 |   4 |  928.0 |
     Snake Pit |   5333 |   5150 |    183 |    276 |   3527 |   4 | 1333.2 |
  Orcish Mines |   2019 |   1950 |     69 |      0 |   1417 |   2 | 1009.5 |
        Depths |   7683 |   7358 |    325 |    227 |   4611 |   5 | 1536.6 |
         Trove |     48 |     48 |      0 |      0 |      0 |   1 |   48.0 |
      Ice Cave |    859 |    859 |      0 |     51 |    586 |   1 |  859.0 |
        Wizlab |    308 |    308 |      0 |      0 |     44 |   1 |  308.0 |
               +--------+--------+--------+--------+--------+-----+--------+

Top non-repeatable levels by time:
    D:15: 2717 daAuts
Depths:4: 2371 daAuts
 Snake:4: 2123 daAuts
Depths:3: 2098 daAuts
Depths:2: 1820 daAuts
   Orc:2: 1637 daAuts
    D:12: 1573 daAuts
 Snake:2: 1554 daAuts
    D:10: 1478 daAuts
  Lair:2: 1442 daAuts
     D:9: 1439 daAuts
  Lair:6: 1368 daAuts
  Lair:3: 1304 daAuts
 Swamp:3: 1274 daAuts
     D:4: 1253 daAuts
